Demolitions vs Thunder
Created - November 17, 2019 at 09:31
Goals
|
Demolitions |
1 |
2 |
2 |
5 |
Thunder |
1 |
0 |
2 |
3 |
|
Shots
|
Demolitions |
11 |
12 |
17 |
40 |
Thunder |
8 |
7 |
17 |
32 |
|
1st period
1. Thunder , Zach Stepan 2 (Jamie McGinn 3, Trevor Lewis 3) at 17:54
2. Demolitions , Spencer Machacek 11 (Andrej Nestrasil 4) at 18:22
Penalties :
Mikko Vainonen (TRO) for Tripping (Minor) at 13:23, Derek Forbort (TRO) for Hooking (Minor) at 18:29
2nd period
3. Demolitions , Darren Helm 8 (Andrej Nestrasil 5) at 2:41 (PP)
4. Demolitions , Mitch Callahan 1 (Jonathan Blum 12, Alex Hutchings 3) at 10:38
Penalties :
Derek Forbort (TRO) for Interference (Minor) at 2:40, David Wolf (TRO) for Hooking (Minor) at 5:06, Peter Andersson (TRO) for Hooking (Minor) at 10:41, Jonathan Blum (Vic) for Roughing (Minor) at 15:45
3rd period
5. Demolitions , Lane MacDermid 6 (J.T. Brown 12, Colton Gillies 12) at 3:11
6. Thunder , Nikolay Prokhorkin 1 (Jordan Weal 1, Jesper Pettersson 3) at 7:38
7. Thunder , Zach Stepan 3 (Jamie McGinn 4, Joey Ryan 3) at 8:36
8. Demolitions , Jonathan Blum 6 (Spencer Machacek 12, Darren Helm 9) at 12:14 (PP)
Penalties :
Dany Roussin (TRO) for Hooking (Minor) at 11:30
Goalie Stats
Brandon Halverson (Vic), 29 saves from 32 shots - (0.906), W, 4-2-0, 60:00 minutes
Niklas Treutle (TRO), 35 saves from 40 shots - (0.875), L, 2-5-0, 60:00 minutes
Players Stats for Demolitions
Player Name G A P +/- PIM S H SB GA TA FO MP PP MP PK MP
------------------------------------------------------------------------------------
Alex Hutchings 0 1 1 1 0 0 0 0 0 0 0/1 8:06 0:00 0:39
Andrej Nestrasil 0 2 2 0 0 3 1 0 1 0 20/39 21:21 5:02 0:00
Cameron Schilling 0 0 0 1 0 4 0 1 0 1 0/0 27:45 5:00 1:07
Colton Gillies 0 1 1 1 0 1 2 0 1 1 2/5 16:31 3:30 0:00
Darren Helm 1 1 2 0 0 5 1 0 1 0 2/2 23:03 5:02 0:59
J.T. Brown 0 1 1 1 0 3 1 1 1 0 0/0 17:09 3:30 0:21
Jake Muzzin 0 0 0 -1 0 1 1 1 0 2 0/0 20:27 3:41 0:46
Jared Staal 0 0 0 -2 0 1 0 1 0 0 0/0 11:02 0:00 0:00
Jonathan Blum 1 1 2 1 2 5 0 2 0 0 0/0 25:11 5:00 0:00
Lane MacDermid 1 0 1 1 0 3 3 1 0 0 0/0 16:52 3:30 0:21
Michael Prapavessis 0 0 0 0 0 0 1 0 0 0 0/0 2:21 0:00 0:06
Mitch Callahan 1 0 1 1 0 2 0 1 0 0 0/0 7:42 0:09 0:00
Nick Shore 0 0 0 1 0 1 0 1 2 0 0/1 8:18 0:09 0:00
Nikita Tryamkin 0 0 0 -1 0 0 0 0 0 0 0/0 20:27 3:41 0:46
Phil Di Giuseppe 0 0 0 -2 0 3 0 0 2 0 0/1 12:18 0:00 0:39
Phil McRae 0 0 0 -2 0 1 1 0 0 0 0/3 12:36 0:09 0:00
Robert Bortuzzo 0 0 0 0 0 0 0 0 0 1 0/0 11:05 0:00 0:06
Spencer Machacek 1 1 2 0 0 6 0 0 0 1 1/1 23:00 5:02 0:59
Taylor Aronson 0 0 0 0 0 1 0 3 1 0 0/0 12:46 0:00 1:07
Players Stats for Thunder
Player Name G A P +/- PIM S H SB GA TA FO MP PP MP PK MP
------------------------------------------------------------------------------------
Artur Gavrus 0 0 0 0 0 0 0 0 0 0 0/0 0:00 0:00 0:00
Austin Poganski 0 0 0 2 0 2 1 0 0 0 1/2 12:03 0:00 0:00
Austin Wuthrich 0 0 0 -1 0 1 0 0 0 0 1/1 16:10 0:53 0:00
Colby Cave 0 0 0 0 0 0 0 0 0 0 0/0 0:35 0:00 0:00
Dany Roussin 0 0 0 -2 2 1 1 0 0 0 4/5 20:49 1:06 4:30
David Wolf 0 0 0 -1 2 2 3 0 1 0 0/0 19:16 0:53 2:40
Derek Forbort 0 0 0 -1 4 0 1 1 0 0 0/0 18:08 0:52 2:40
Emil Johansson 0 0 0 1 0 0 0 0 0 1 0/0 5:08 0:00 0:21
Eric Fehr 0 0 0 -1 0 5 4 1 1 0 3/9 25:06 1:06 4:52
Gianluca Curcuruto 0 0 0 -1 0 1 0 1 0 0 0/0 10:18 0:00 0:00
Jamie McGinn 0 2 2 2 0 5 1 0 0 0 0/1 12:03 0:00 0:00
Jarrod Maidens 0 0 0 0 0 0 0 0 0 0 0/0 2:33 0:00 1:58
Jesper Pettersson 0 1 1 -1 0 2 0 1 0 1 0/0 12:32 0:00 2:14
Joey Ryan 0 1 1 1 0 4 2 1 0 3 0/0 26:22 1:07 5:27
Jordan Weal 0 1 1 1 0 1 0 0 0 0 0/0 6:13 0:00 0:14
Mackenze Stewart 0 0 0 1 0 0 0 0 0 0 0/0 4:47 0:00 0:00
Mikko Vainonen 0 0 0 -1 2 0 0 3 0 1 0/0 17:44 0:52 2:25
Nikolay Prokhorkin 1 0 1 1 0 1 0 0 0 0 0/0 6:31 0:00 0:32
Peter Andersson 0 0 0 1 2 0 1 0 0 2 0/0 25:10 1:07 4:15
Trevor Lewis 0 1 1 -1 0 1 1 0 2 0 7/12 16:10 0:53 0:00
Vincent Dunn 0 0 0 0 0 0 0 0 0 0 0/0 2:25 0:00 0:00
William Karlsson 0 0 0 -2 0 0 0 1 2 1 11/21 19:07 1:06 2:36
Zach Stepan 2 0 2 2 0 6 0 0 0 0 1/2 12:03 0:00 0:00
3 Stars
1 - Zach Stepan (TRO)
2 - Lane MacDermid (Vic)
3 - Darren Helm (Vic)
Power Play
Demolitions - 2 on 6 Attempt(s) - 33.33%
Thunder - 0 on 1 Attempt(s) - 0.00%
Penalty Kill
Demolitions - 1 on 1 Attempt(s) - 100.00%
- Score 0 goal in Penalty Kill
Thunder - 4 on 6 Attempt(s) - 66.67%
- Score 0 goal in Penalty Kill
Team Stat
Demolitions - Hits : 11 - Faceoff Wins : 25 - Blocked Shots : 12 - Penalty Minutes : 2
Thunder - Hits : 15 - Faceoff Wins : 28 - Blocked Shots : 9 - Penalty Minutes : 12
Official
Referees : Unknown
Linesman : Unknown
Game Notes
No Game Note
Finance
Level 1 -- Attendance: 1361 (68.05%) -- Ticket Income $54,440
Level 2 -- Attendance: 807 (80.70%) -- Ticket Income $16,140
Total Attendance: 2168 (72.27%)
Total Ticket Income: $70,580
Other Income: $3,529
Total Income: $74,109
Demolitions
5 vs 5 Forward
Center Left Wing Right Wing Time % Phy DF OF
1 Andrej Nestrasil Darren Helm Spencer Machacek 50 0 0 5
2 Colton Gillies Lane MacDermid J.T. Brown 33 0 0 5
3 Phil McRae Phil Di Giuseppe Jared Staal 12 1 2 2
4 Nick Shore Alex Hutchings Mitch Callahan 5 1 2 2
5 vs 5 Defense
Defense Defense Time % Phy DF OF
1 Cameron Schilling Jonathan Blum 40 1 2 2
2 Jake Muzzin Nikita Tryamkin 30 1 2 2
3 Robert Bortuzzo Taylor Aronson 20 1 2 2
4 Michael Prapavessis Cameron Schilling 10 1 2 2
PowerPlay Forward
Center Left Wing Right Wing Time % Phy DF OF
1 Andrej Nestrasil Darren Helm Spencer Machacek 60 1 2 2
2 Colton Gillies Lane MacDermid J.T. Brown 40 1 2 2
PowerPlay Defense
Defense Defense Time % Phy DF OF
1 Cameron Schilling Jonathan Blum 60 1 2 2
2 Jake Muzzin Nikita Tryamkin 40 1 2 2
Penalty Kill 4 Players Forward
Center Wing Time % Phy DF OF
1 Spencer Machacek Darren Helm 60 1 2 2
2 J.T. Brown Lane MacDermid 40 1 2 2
Penalty Kill 4 Players Defense
Defense Defense Time % Phy DF OF
1 Cameron Schilling Jonathan Blum 60 1 2 2
2 Jake Muzzin Nikita Tryamkin 40 1 2 2
Penalty Kill - 3 Players Forward
Forward Time % Phy DF OF
1 Spencer Machacek 60 1 2 2
2 Darren Helm 40 1 2 2
Penalty Kill - 3 Players Defense
Defense Defense Time % Phy DF OF
1 Cameron Schilling Jonathan Blum 60 1 2 2
2 Jake Muzzin Nikita Tryamkin 40 1 2 2
4 vs 4 Forward
Center Wing Time % Phy DF OF
1 Spencer Machacek Darren Helm 60 1 2 2
2 J.T. Brown Lane MacDermid 40 1 2 2
4 vs 4 Defense
Defense Defense Time % Phy DF OF
1 Cameron Schilling Jonathan Blum 60 1 2 2
2 Jake Muzzin Nikita Tryamkin 40 1 2 2
Last Minutes Offensive
Center Left Wing Right Wing Defense Defense
Andrej Nestrasil Darren Helm Spencer Machacek Cameron Schilling Jonathan Blum
Last Minutes Defensive
Center Left Wing Right Wing Defense Defense
Andrej Nestrasil Darren Helm Spencer Machacek Cameron Schilling Jonathan Blum
Goaltenders
Starting : Brandon Halverson
Backup : Antti Raanta
Extra Forwards
Normal : Phil McRae, Nick Shore, Phil Di Giuseppe - PP : Phil McRae, Nick Shore - PK : Phil Di Giuseppe
Extra Defensemen
Normal : Robert Bortuzzo, Taylor Aronson, Michael Prapavessis - PP : Robert Bortuzzo - PK : Taylor Aronson, Michael Prapavessis
Penalty Shots
Spencer Machacek, Darren Helm, J.T. Brown, Lane MacDermid, Andrej Nestrasil
Scratches
Ryan Olsen (Healthy), Thomas DiPauli (Healthy), Taylor Leier (Healthy), Daultan Leveillé (Lacerated Left Calf Injury), Colton Sceviour (Healthy)
Aaron Palushaj (Healthy), Michael Bunting (Healthy), Nick Pryor (Healthy), Jaedon Descheneau (Healthy), Jake Paterson (Healthy)
Francois Tremblay (Healthy)
Thunder
5 vs 5 Forward
Center Left Wing Right Wing Time % Phy DF OF
1 William Karlsson Dany Roussin Eric Fehr 40 1 2 2
2 Trevor Lewis David Wolf Austin Wuthrich 30 1 2 2
3 Zach Stepan Jamie McGinn Austin Poganski 20 1 2 2
4 Jordan Weal Nikolay Prokhorkin Eric Fehr 10 1 2 2
5 vs 5 Defense
Defense Defense Time % Phy DF OF
1 Joey Ryan Peter Andersson 40 1 2 2
2 Derek Forbort Mikko Vainonen 30 1 2 2
3 Gianluca Curcuruto Jesper Pettersson 20 1 2 2
4 Emil Johansson Mackenze Stewart 10 1 2 2
PowerPlay Forward
Center Left Wing Right Wing Time % Phy DF OF
1 William Karlsson Dany Roussin Eric Fehr 60 1 2 2
2 Trevor Lewis David Wolf Austin Wuthrich 40 1 2 2
PowerPlay Defense
Defense Defense Time % Phy DF OF
1 Joey Ryan Peter Andersson 60 1 2 2
2 Derek Forbort Mikko Vainonen 40 1 2 2
Penalty Kill 4 Players Forward
Center Wing Time % Phy DF OF
1 Eric Fehr Dany Roussin 60 1 2 2
2 William Karlsson David Wolf 40 1 2 2
Penalty Kill 4 Players Defense
Defense Defense Time % Phy DF OF
1 Joey Ryan Peter Andersson 60 1 2 2
2 Derek Forbort Mikko Vainonen 40 1 2 2
Penalty Kill - 3 Players Forward
Forward Time % Phy DF OF
1 Eric Fehr 60 1 2 2
2 Dany Roussin 40 1 2 2
Penalty Kill - 3 Players Defense
Defense Defense Time % Phy DF OF
1 Joey Ryan Peter Andersson 60 1 2 2
2 Derek Forbort Mikko Vainonen 40 1 2 2
4 vs 4 Forward
Center Wing Time % Phy DF OF
1 Eric Fehr Dany Roussin 60 1 2 2
2 William Karlsson David Wolf 40 1 2 2
4 vs 4 Defense
Defense Defense Time % Phy DF OF
1 Joey Ryan Peter Andersson 60 1 2 2
2 Derek Forbort Mikko Vainonen 40 1 2 2
Last Minutes Offensive
Center Left Wing Right Wing Defense Defense
William Karlsson Dany Roussin Eric Fehr Joey Ryan Peter Andersson
Last Minutes Defensive
Center Left Wing Right Wing Defense Defense
William Karlsson Dany Roussin Eric Fehr Joey Ryan Peter Andersson
Goaltenders
Starting : Niklas Treutle
Backup : Jussi Rynnas
Extra Forwards
Normal : Vincent Dunn, Colby Cave, Jarrod Maidens - PP : Vincent Dunn, Colby Cave - PK : Jarrod Maidens
Extra Defensemen
Normal : Gianluca Curcuruto, Jesper Pettersson, Emil Johansson - PP : Gianluca Curcuruto - PK : Jesper Pettersson, Emil Johansson
Penalty Shots
Eric Fehr, Dany Roussin, William Karlsson, David Wolf, Trevor Lewis
Scratches
None
% Time on Ice - Demolitions
Lines # - Real PCT - Wanted PCT - Time Play
Normal Forward
1 - 36% - 50% - 17:42
2 - 27% - 33% - 13:23
3 - 22% - 12% - 11:02
4 - 15% - 5% - 7:13
Normal Defense
1 - 41% - 40% - 20:12
2 - 32% - 30% - 16:00
3 - 22% - 20% - 10:56
4 - 4% - 10% - 2:12
PP Forward
1 - 60% - 60% - 5:11
2 - 40% - 40% - 3:30
PP Defense
1 - 58% - 60% - 5:00
2 - 42% - 40% - 3:41
PK Forward
1 - 82% - 60% - 1:38
2 - 18% - 40% - 0:21
PK Defense
1 - 61% - 60% - 1:13
2 - 39% - 40% - 0:46
PK3 Forward
1 - 0% - 60%
2 - 0% - 40%
PK3 Defense
1 - 0% - 60%
2 - 0% - 40%
44 Forward
1 - 0% - 60%
2 - 0% - 40%
44 Defense
1 - 0% - 60%
2 - 0% - 40%
Last Minute Offensive - 0:00
Last Minute Defensive - 0:00
Total
Forward - 60:00
Defense - 60:00
|
% Time on Ice - Thunder
Lines # - Real PCT - Wanted PCT - Time Play
Normal Forward
1 - 33% - 40% - 16:04
2 - 31% - 30% - 15:29
3 - 24% - 20% - 12:03
4 - 12% - 10% - 5:44
Normal Defense
1 - 40% - 40% - 19:49
2 - 29% - 30% - 14:26
3 - 21% - 20% - 10:18
4 - 10% - 10% - 4:47
PP Forward
1 - 55% - 60% - 1:06
2 - 45% - 40% - 0:53
PP Defense
1 - 56% - 60% - 1:07
2 - 44% - 40% - 0:52
PK Forward
1 - 70% - 60% - 6:05
2 - 30% - 40% - 2:36
PK Defense
1 - 64% - 60% - 5:35
2 - 36% - 40% - 3:06
PK3 Forward
1 - 0% - 60%
2 - 0% - 40%
PK3 Defense
1 - 0% - 60%
2 - 0% - 40%
44 Forward
1 - 0% - 60%
2 - 0% - 40%
44 Defense
1 - 0% - 60%
2 - 0% - 40%
Last Minute Offensive - 0:00
Last Minute Defensive - 0:00
Total
Forward - 60:00
Defense - 60:00
|
Play-by-Play
1st period
0:01 of 1st period - William Karlsson wins face-off versus Andrej Nestrasil in neutral zone.
1:20 of 1st period - Snap shot by Mitch Callahan.
1:20 of 1st period - Shot Blocked by Mikko Vainonen.
1:29 of 1st period - Off-side.
1:30 of 1st period - Andrej Nestrasil wins face-off versus Trevor Lewis in neutral zone.
1:57 of 1st period - Gianluca Curcuruto is hit by Colton Gillies and loses puck.
3:02 of 1st period - Snap shot by Nikolay Prokhorkin.
3:02 of 1st period - Shot Misses the Net.
3:29 of 1st period - Mikko Vainonen is hit by Michael Prapavessis and loses puck.
4:04 of 1st period - Colton Gillies is hit by Eric Fehr and loses puck.
4:21 of 1st period - Alex Hutchings is hit by Austin Poganski.
5:10 of 1st period - Slapshot by Phil Di Giuseppe.
5:10 of 1st period - Stopped by Niklas Treutle with a rebound.
5:59 of 1st period - Spencer Machacek is hit by David Wolf and loses puck.
6:41 of 1st period - Wrist shot by Colton Gillies.
6:41 of 1st period - Deflect By William Karlsson.
6:41 of 1st period - Shot Blocked by William Karlsson.
6:41 of 1st period - Puck is out of play.
6:42 of 1st period - Andrej Nestrasil wins face-off versus Trevor Lewis in Thunder zone.
6:47 of 1st period - Snap shot by Spencer Machacek.
6:47 of 1st period - Shot Misses the Net.
7:07 of 1st period - Dany Roussin is hit by J.T. Brown and loses puck.
8:24 of 1st period - Snap shot by Lane MacDermid.
8:24 of 1st period - Stopped by Niklas Treutle with a rebound.
8:26 of 1st period - Wrist shot by J.T. Brown.
8:26 of 1st period - Stopped by Niklas Treutle without a rebound.
8:27 of 1st period - Trevor Lewis wins face-off versus Colton Gillies in Thunder zone.
8:54 of 1st period - Eric Fehr is hit by Darren Helm.
9:37 of 1st period - Snap shot by David Wolf.
9:37 of 1st period - Shot Blocked by Nick Shore.
9:39 of 1st period - Snap shot by Austin Wuthrich.
9:39 of 1st period - Shot Misses the Net.
9:41 of 1st period - Wrist shot by David Wolf.
9:41 of 1st period - Shot Blocked by Mitch Callahan.
9:53 of 1st period - Wrist shot by Nikolay Prokhorkin.
9:53 of 1st period - Shot Blocked by J.T. Brown.
9:55 of 1st period - Slapshot by Joey Ryan.
9:55 of 1st period - Stopped by Brandon Halverson with a rebound.
9:57 of 1st period - Slapshot by Joey Ryan.
9:57 of 1st period - Stopped by Brandon Halverson with a rebound.
9:59 of 1st period - Wrist shot by Eric Fehr.
9:59 of 1st period - Shot Blocked by Lane MacDermid.
10:01 of 1st period - Slapshot by Joey Ryan.
10:01 of 1st period - Stopped by Brandon Halverson with a rebound.
11:44 of 1st period - Alex Hutchings is hit by Eric Fehr and loses puck.
12:33 of 1st period - Jamie McGinn is hit by Phil McRae and loses puck.
13:23 of 1st period - Minor Penalty to Mikko Vainonen for Tripping.
13:24 of 1st period - Andrej Nestrasil wins face-off versus Eric Fehr in Thunder zone.
13:27 of 1st period - Snap shot by Spencer Machacek.
13:27 of 1st period - Shot Blocked by Jesper Pettersson.
13:29 of 1st period - Slapshot by Jake Muzzin.
13:29 of 1st period - Shot Misses the Net.
13:35 of 1st period - Wrist shot by Spencer Machacek.
13:35 of 1st period - Stopped by Niklas Treutle with a rebound.
13:37 of 1st period - Snap shot by Nikita Tryamkin.
13:37 of 1st period - Shot Blocked by Eric Fehr.
13:39 of 1st period - Snap shot by Darren Helm.
13:39 of 1st period - Deflect By Spencer Machacek.
13:39 of 1st period - Stopped by Niklas Treutle without a rebound.
13:40 of 1st period - Eric Fehr wins face-off versus Andrej Nestrasil in Thunder zone.
14:07 of 1st period - Dany Roussin is hit by Lane MacDermid.
14:29 of 1st period - Slapshot by J.T. Brown.
14:29 of 1st period - Stopped by Niklas Treutle with a rebound.
14:33 of 1st period - Wrist shot by Colton Gillies.
14:33 of 1st period - Stopped by Niklas Treutle with a rebound.
14:39 of 1st period - Wrist shot by Lane MacDermid.
14:39 of 1st period - Deflect By Colton Gillies.
14:39 of 1st period - Shot Misses the Net.
14:39 of 1st period - Puck is out of play.
14:40 of 1st period - Darren Helm wins face-off versus Eric Fehr in Thunder zone.
15:23 of 1st period - Penalty to Mikko Vainonen is over, Mikko Vainonen is back on ice.
16:04 of 1st period - Colton Gillies is hit by Derek Forbort and loses puck.
16:09 of 1st period - Snap shot by Eric Fehr.
16:09 of 1st period - Stopped by Brandon Halverson with a rebound.
16:25 of 1st period - Snap shot by Jamie McGinn.
16:25 of 1st period - Stopped by Brandon Halverson with a rebound.
16:27 of 1st period - Snap shot by Austin Poganski.
16:27 of 1st period - Shot Misses the Net.
16:29 of 1st period - Wrist shot by Zach Stepan.
16:29 of 1st period - Stopped by Brandon Halverson with a rebound.
16:43 of 1st period - Snap shot by Nick Shore.
16:43 of 1st period - Stopped by Niklas Treutle with a rebound.
16:45 of 1st period - Snap shot by Mitch Callahan.
16:45 of 1st period - Stopped by Niklas Treutle without a rebound.
16:46 of 1st period - William Karlsson wins face-off versus Nick Shore in Thunder zone.
16:53 of 1st period - Snap shot by Eric Fehr.
16:53 of 1st period - Deflect By William Karlsson.
16:53 of 1st period - Deflect By Taylor Aronson.
16:53 of 1st period - Shot Blocked by Taylor Aronson.
16:53 of 1st period - Puck is out of play.
16:54 of 1st period - Andrej Nestrasil wins face-off versus William Karlsson in Demolitions zone.
17:26 of 1st period - Wrist shot by Trevor Lewis.
17:26 of 1st period - Stopped by Brandon Halverson without a rebound.
17:27 of 1st period - William Karlsson wins face-off versus Andrej Nestrasil in Demolitions zone.
17:52 of 1st period - Snap shot by Jamie McGinn.
17:52 of 1st period - Shot Misses the Net.
17:54 of 1st period - Snap shot by Zach Stepan.
17:54 of 1st period - Goal by Zach Stepan - Demolitions : 0 - Thunder : 1.
17:55 of 1st period - William Karlsson wins face-off versus Andrej Nestrasil in neutral zone.
18:06 of 1st period - Wrist shot by Spencer Machacek.
18:06 of 1st period - Stopped by Niklas Treutle with a rebound.
18:08 of 1st period - Snap shot by Spencer Machacek.
18:08 of 1st period - Deflect By Eric Fehr.
18:08 of 1st period - Shot Misses the Net.
18:08 of 1st period - Puck is out of play.
18:09 of 1st period - William Karlsson wins face-off versus Andrej Nestrasil in Thunder zone.
18:22 of 1st period - Wrist shot by Spencer Machacek.
18:22 of 1st period - Goal by Spencer Machacek - Demolitions : 1 - Thunder : 1.
18:23 of 1st period - Andrej Nestrasil wins face-off versus William Karlsson in neutral zone.
18:29 of 1st period - Minor Penalty to Derek Forbort for Hooking.
18:30 of 1st period - Andrej Nestrasil wins face-off versus Eric Fehr in Thunder zone.
18:36 of 1st period - Wrist shot by Spencer Machacek.
18:36 of 1st period - Shot Misses the Net.
18:44 of 1st period - Wrist shot by Andrej Nestrasil.
18:44 of 1st period - Shot Misses the Net.
19:44 of 1st period - Joey Ryan is hit by Colton Gillies and loses puck.
Goals for this period are 1 for Demolitions vs 1 for Thunder.
Shots for this period are 11 for Demolitions vs 8 for Thunder.
2nd period
0:01 of 2nd period - Darren Helm wins face-off versus Eric Fehr in neutral zone.
0:13 of 2nd period - Slapshot by Jonathan Blum.
0:13 of 2nd period - Stopped by Niklas Treutle with a rebound.
0:15 of 2nd period - Slapshot by Jonathan Blum.
0:15 of 2nd period - Deflect By Dany Roussin.
0:15 of 2nd period - Stopped by Niklas Treutle with a rebound.
0:29 of 2nd period - Penalty to Derek Forbort is over, Derek Forbort is back on ice.
0:49 of 2nd period - Wrist shot by Phil McRae.
0:49 of 2nd period - Shot Misses the Net.
1:25 of 2nd period - Slapshot by Eric Fehr.
1:25 of 2nd period - Shot Hit the Post.
1:27 of 2nd period - Wrist shot by Dany Roussin.
1:27 of 2nd period - Stopped by Brandon Halverson with a rebound.
1:29 of 2nd period - Snap shot by Eric Fehr.
1:29 of 2nd period - Shot Blocked by Taylor Aronson.
2:21 of 2nd period - Off-side.
2:22 of 2nd period - William Karlsson wins face-off versus Alex Hutchings in neutral zone.
2:25 of 2nd period - Wrist shot by William Karlsson.
2:25 of 2nd period - Shot Blocked by Jonathan Blum.
2:35 of 2nd period - Slapshot by Alex Hutchings.
2:35 of 2nd period - Shot Misses the Net.
2:37 of 2nd period - Slapshot by Cameron Schilling.
2:37 of 2nd period - Stopped by Niklas Treutle without a rebound.
2:38 of 2nd period - Austin Wuthrich wins face-off versus Andrej Nestrasil in Thunder zone.
2:40 of 2nd period - Minor Penalty to Derek Forbort for Interference.
2:41 of 2nd period - Andrej Nestrasil wins face-off versus Dany Roussin in Thunder zone.
2:41 of 2nd period - Slapshot by Darren Helm.
2:41 of 2nd period - Goal by Darren Helm - Demolitions : 2 - Thunder : 1.
2:42 of 2nd period - Andrej Nestrasil wins face-off versus William Karlsson in neutral zone.
3:15 of 2nd period - Icing by Derek Forbort.
3:16 of 2nd period - Trevor Lewis wins face-off versus Phil McRae in Thunder zone.
3:50 of 2nd period - Snap shot by Phil Di Giuseppe.
3:50 of 2nd period - Stopped by Niklas Treutle without a rebound.
3:51 of 2nd period - William Karlsson wins face-off versus Andrej Nestrasil in Thunder zone.
4:16 of 2nd period - Peter Andersson is hit by Lane MacDermid and loses puck.
4:45 of 2nd period - Snap shot by Eric Fehr.
4:45 of 2nd period - Stopped by Brandon Halverson with a rebound.
5:06 of 2nd period - Minor Penalty to David Wolf for Hooking.
5:07 of 2nd period - Andrej Nestrasil wins face-off versus Eric Fehr in Thunder zone.
5:19 of 2nd period - Spencer Machacek is hit by Eric Fehr and loses puck.
5:43 of 2nd period - Slapshot by Joey Ryan.
5:43 of 2nd period - Stopped by Brandon Halverson with a rebound.
5:45 of 2nd period - Wrist shot by William Karlsson.
5:45 of 2nd period - Shot Blocked by Cameron Schilling.
5:47 of 2nd period - Slapshot by Joey Ryan.
5:47 of 2nd period - Shot Blocked by Jonathan Blum.
7:06 of 2nd period - Penalty to David Wolf is over, David Wolf is back on ice.
7:20 of 2nd period - Icing by Jared Staal.
7:21 of 2nd period - Trevor Lewis wins face-off versus Phil McRae in Demolitions zone.
7:22 of 2nd period - Snap shot by David Wolf.
7:22 of 2nd period - Shot Blocked by Jared Staal.
7:28 of 2nd period - Jake Muzzin is hit by David Wolf and loses puck.
8:14 of 2nd period - Snap shot by Eric Fehr.
8:14 of 2nd period - Stopped by Brandon Halverson with a rebound.
8:28 of 2nd period - Wrist shot by Spencer Machacek.
8:28 of 2nd period - Shot Misses the Net.
8:30 of 2nd period - Slapshot by Cameron Schilling.
8:30 of 2nd period - Stopped by Niklas Treutle with a rebound.
8:32 of 2nd period - Snap shot by Darren Helm.
8:32 of 2nd period - Stopped by Niklas Treutle without a rebound.
8:33 of 2nd period - Andrej Nestrasil wins face-off versus Austin Poganski in Thunder zone.
8:36 of 2nd period - Snap shot by Andrej Nestrasil.
8:36 of 2nd period - Shot Blocked by Mikko Vainonen.
8:38 of 2nd period - Snap shot by Darren Helm.
8:38 of 2nd period - Stopped by Niklas Treutle with a rebound.
8:40 of 2nd period - Snap shot by Darren Helm.
8:40 of 2nd period - Shot Misses the Net.
8:42 of 2nd period - Wrist shot by Darren Helm.
8:42 of 2nd period - Shot Misses the Net.
9:02 of 2nd period - Off-side.
9:03 of 2nd period - Andrej Nestrasil wins face-off versus William Karlsson in neutral zone.
9:10 of 2nd period - Slapshot by Spencer Machacek.
9:10 of 2nd period - Shot Misses the Net.
9:12 of 2nd period - Slapshot by Jonathan Blum.
9:12 of 2nd period - Shot Misses the Net.
9:14 of 2nd period - Slapshot by Andrej Nestrasil.
9:14 of 2nd period - Stopped by Niklas Treutle with a rebound.
9:16 of 2nd period - Slapshot by Jonathan Blum.
9:16 of 2nd period - Stopped by Niklas Treutle with a rebound.
10:34 of 2nd period - Snap shot by Jonathan Blum.
10:34 of 2nd period - Shot Misses the Net.
10:36 of 2nd period - Slapshot by Jonathan Blum.
10:36 of 2nd period - Stopped by Niklas Treutle with a rebound.
10:38 of 2nd period - Snap shot by Mitch Callahan.
10:38 of 2nd period - Goal by Mitch Callahan - Demolitions : 3 - Thunder : 1.
10:39 of 2nd period - Dany Roussin wins face-off versus Andrej Nestrasil in neutral zone.
10:41 of 2nd period - Minor Penalty to Peter Andersson for Hooking.
10:42 of 2nd period - Eric Fehr wins face-off versus Andrej Nestrasil in Thunder zone.
11:48 of 2nd period - David Wolf is hit by Lane MacDermid and loses puck.
12:23 of 2nd period - Darren Helm is hit by David Wolf and loses puck.
12:41 of 2nd period - Penalty to Peter Andersson is over, Peter Andersson is back on ice.
12:54 of 2nd period - Snap shot by Phil Di Giuseppe.
12:54 of 2nd period - Shot Misses the Net.
13:00 of 2nd period - Phil McRae is hit by Jamie McGinn and loses puck.
15:00 of 2nd period - Wrist shot by Zach Stepan.
15:00 of 2nd period - Deflect By Austin Poganski.
15:00 of 2nd period - Stopped by Brandon Halverson without a rebound.
15:01 of 2nd period - Zach Stepan wins face-off versus Colton Gillies in Demolitions zone.
15:02 of 2nd period - Snap shot by Jamie McGinn.
15:02 of 2nd period - Shot Misses the Net.
15:04 of 2nd period - Snap shot by Austin Poganski.
15:04 of 2nd period - Shot Misses the Net.
15:06 of 2nd period - Snap shot by Jamie McGinn.
15:06 of 2nd period - Stopped by Brandon Halverson with a rebound.
15:08 of 2nd period - Wrist shot by Zach Stepan.
15:08 of 2nd period - Shot Misses the Net.
15:10 of 2nd period - Snap shot by Jamie McGinn.
15:10 of 2nd period - Stopped by Brandon Halverson with a rebound.
15:30 of 2nd period - Backhand shot by Mikko Vainonen.
15:30 of 2nd period - Deflect By William Karlsson.
15:30 of 2nd period - Shot Misses the Net.
15:30 of 2nd period - Puck is out of play.
15:31 of 2nd period - Trevor Lewis wins face-off versus Andrej Nestrasil in Demolitions zone.
15:40 of 2nd period - Wrist shot by Trevor Lewis.
15:40 of 2nd period - Shot Misses the Net.
15:45 of 2nd period - Minor Penalty to Jonathan Blum for Roughing.
15:46 of 2nd period - Spencer Machacek wins face-off versus William Karlsson in Demolitions zone.
16:20 of 2nd period - Snap shot by David Wolf.
16:20 of 2nd period - Shot Misses the Net.
17:45 of 2nd period - Penalty to Jonathan Blum is over, Jonathan Blum is back on ice.
18:24 of 2nd period - Off-side.
18:25 of 2nd period - Colton Gillies wins face-off versus Zach Stepan in neutral zone.
19:45 of 2nd period - Taylor Aronson is hit by Trevor Lewis and loses puck.
Goals for this period are 2 for Demolitions vs 0 for Thunder.
Shots for this period are 12 for Demolitions vs 7 for Thunder.
3rd period
0:01 of 3rd period - William Karlsson wins face-off versus Andrej Nestrasil in neutral zone.
0:10 of 3rd period - William Karlsson is hit by Andrej Nestrasil.
0:36 of 3rd period - Wrist shot by Lane MacDermid.
0:36 of 3rd period - Stopped by Niklas Treutle without a rebound.
0:37 of 3rd period - Dany Roussin wins face-off versus Andrej Nestrasil in Thunder zone.
1:05 of 3rd period - Wrist shot by David Wolf.
1:05 of 3rd period - Stopped by Brandon Halverson with a rebound.
1:07 of 3rd period - Backhand shot by Jesper Pettersson.
1:07 of 3rd period - Stopped by Brandon Halverson with a rebound.
1:23 of 3rd period - Snap shot by Phil Di Giuseppe.
1:23 of 3rd period - Shot Misses the Net.
1:25 of 3rd period - Wrist shot by Phil McRae.
1:25 of 3rd period - Stopped by Niklas Treutle without a rebound.
1:26 of 3rd period - William Karlsson wins face-off versus Phil McRae in Thunder zone.
1:56 of 3rd period - Slapshot by Peter Andersson.
1:56 of 3rd period - Shot Blocked by Taylor Aronson.
1:58 of 3rd period - Slapshot by Joey Ryan.
1:58 of 3rd period - Shot Misses the Net.
2:26 of 3rd period - Robert Bortuzzo is hit by Eric Fehr and loses puck.
2:35 of 3rd period - Snap shot by Eric Fehr.
2:35 of 3rd period - Stopped by Brandon Halverson without a rebound.
2:36 of 3rd period - Andrej Nestrasil wins face-off versus Trevor Lewis in Demolitions zone.
3:11 of 3rd period - Snap shot by Lane MacDermid.
3:11 of 3rd period - Goal by Lane MacDermid - Demolitions : 4 - Thunder : 1.
3:12 of 3rd period - Andrej Nestrasil wins face-off versus Jamie McGinn in neutral zone.
4:07 of 3rd period - Snap shot by Phil Di Giuseppe.
4:07 of 3rd period - Shot Blocked by Mikko Vainonen.
4:09 of 3rd period - Slapshot by Jake Muzzin.
4:09 of 3rd period - Stopped by Niklas Treutle without a rebound.
4:10 of 3rd period - Dany Roussin wins face-off versus Andrej Nestrasil in Thunder zone.
4:33 of 3rd period - David Wolf is hit by Jake Muzzin and loses puck.
4:56 of 3rd period - Wrist shot by Zach Stepan.
4:56 of 3rd period - Shot Blocked by Jake Muzzin.
5:35 of 3rd period - Off-side.
5:36 of 3rd period - Trevor Lewis wins face-off versus Andrej Nestrasil in neutral zone.
5:39 of 3rd period - Wrist shot by Austin Wuthrich.
5:39 of 3rd period - Stopped by Brandon Halverson with a rebound.
5:47 of 3rd period - Slapshot by Cameron Schilling.
5:47 of 3rd period - Stopped by Niklas Treutle without a rebound.
5:48 of 3rd period - Andrej Nestrasil wins face-off versus William Karlsson in Thunder zone.
5:51 of 3rd period - Wrist shot by Darren Helm.
5:51 of 3rd period - Shot Misses the Net.
5:53 of 3rd period - Snap shot by Andrej Nestrasil.
5:53 of 3rd period - Stopped by Niklas Treutle with a rebound.
5:55 of 3rd period - Wrist shot by Spencer Machacek.
5:55 of 3rd period - Deflect By Darren Helm.
5:55 of 3rd period - Stopped by Niklas Treutle with a rebound.
5:57 of 3rd period - Wrist shot by Andrej Nestrasil.
5:57 of 3rd period - Stopped by Niklas Treutle with a rebound.
5:59 of 3rd period - Wrist shot by Spencer Machacek.
5:59 of 3rd period - Shot Misses the Net.
6:01 of 3rd period - Slapshot by Cameron Schilling.
6:01 of 3rd period - Stopped by Niklas Treutle with a rebound.
6:03 of 3rd period - Snap shot by Andrej Nestrasil.
6:03 of 3rd period - Shot Misses the Net.
6:13 of 3rd period - J.T. Brown is hit by Peter Andersson and loses puck.
6:47 of 3rd period - Snap shot by Jamie McGinn.
6:47 of 3rd period - Deflect By Austin Poganski.
6:47 of 3rd period - Stopped by Brandon Halverson without a rebound.
6:48 of 3rd period - Andrej Nestrasil wins face-off versus William Karlsson in Demolitions zone.
7:34 of 3rd period - Slapshot by Jesper Pettersson.
7:34 of 3rd period - Shot Misses the Net.
7:36 of 3rd period - Wrist shot by Jordan Weal.
7:36 of 3rd period - Stopped by Brandon Halverson with a rebound.
7:38 of 3rd period - Slapshot by Nikolay Prokhorkin.
7:38 of 3rd period - Goal by Nikolay Prokhorkin - Demolitions : 4 - Thunder : 2.
7:39 of 3rd period - Dany Roussin wins face-off versus Andrej Nestrasil in neutral zone.
8:34 of 3rd period - Wrist shot by Jamie McGinn.
8:34 of 3rd period - Shot Misses the Net.
8:36 of 3rd period - Snap shot by Zach Stepan.
8:36 of 3rd period - Goal by Zach Stepan - Demolitions : 4 - Thunder : 3.
8:37 of 3rd period - William Karlsson wins face-off versus Andrej Nestrasil in neutral zone.
9:49 of 3rd period - Robert Bortuzzo is hit by Joey Ryan and loses puck.
9:59 of 3rd period - Off-side.
10:00 of 3rd period - Andrej Nestrasil wins face-off versus William Karlsson in neutral zone.
10:03 of 3rd period - Snap shot by Darren Helm.
10:03 of 3rd period - Stopped by Niklas Treutle with a rebound.
10:05 of 3rd period - Slapshot by Cameron Schilling.
10:05 of 3rd period - Shot Blocked by Gianluca Curcuruto.
10:44 of 3rd period - Snap shot by Jesper Pettersson.
10:44 of 3rd period - Stopped by Brandon Halverson with a rebound.
10:46 of 3rd period - Snap shot by Jamie McGinn.
10:46 of 3rd period - Stopped by Brandon Halverson without a rebound.
10:47 of 3rd period - Austin Poganski wins face-off versus Phil Di Giuseppe in Demolitions zone.
10:48 of 3rd period - Wrist shot by Jamie McGinn.
10:48 of 3rd period - Stopped by Brandon Halverson with a rebound.
11:16 of 3rd period - Slapshot by Phil McRae.
11:16 of 3rd period - Shot Misses the Net.
11:18 of 3rd period - Wrist shot by Jared Staal.
11:18 of 3rd period - Shot Misses the Net.
11:20 of 3rd period - Slapshot by Jared Staal.
11:20 of 3rd period - Shot Misses the Net.
11:22 of 3rd period - Snap shot by Jared Staal.
11:22 of 3rd period - Deflect By Phil Di Giuseppe.
11:22 of 3rd period - Stopped by Niklas Treutle with a rebound.
11:24 of 3rd period - Wrist shot by Jared Staal.
11:24 of 3rd period - Shot Blocked by Derek Forbort.
11:26 of 3rd period - Wrist shot by Jared Staal.
11:26 of 3rd period - Stopped by Niklas Treutle without a rebound.
11:27 of 3rd period - Andrej Nestrasil wins face-off versus Eric Fehr in Thunder zone.
11:28 of 3rd period - Wrist shot by Spencer Machacek.
11:28 of 3rd period - Stopped by Niklas Treutle with a rebound.
11:30 of 3rd period - Minor Penalty to Dany Roussin for Hooking.
11:31 of 3rd period - Eric Fehr wins face-off versus Andrej Nestrasil in Thunder zone.
11:44 of 3rd period - Darren Helm is hit by Joey Ryan and loses puck.
12:12 of 3rd period - Snap shot by Spencer Machacek.
12:12 of 3rd period - Stopped by Niklas Treutle with a rebound.
12:14 of 3rd period - Slapshot by Jonathan Blum.
12:14 of 3rd period - Goal by Jonathan Blum - Demolitions : 5 - Thunder : 3.
12:15 of 3rd period - Trevor Lewis wins face-off versus Colton Gillies in neutral zone.
12:18 of 3rd period - Wrist shot by David Wolf.
12:18 of 3rd period - Stopped by Brandon Halverson without a rebound.
12:19 of 3rd period - Colton Gillies wins face-off versus Trevor Lewis in Demolitions zone.
12:26 of 3rd period - Slapshot by J.T. Brown.
12:26 of 3rd period - Stopped by Niklas Treutle without a rebound.
12:27 of 3rd period - William Karlsson wins face-off versus Andrej Nestrasil in Thunder zone.
12:38 of 3rd period - Slapshot by William Karlsson.
12:38 of 3rd period - Shot Misses the Net.
13:13 of 3rd period - Backhand shot by Zach Stepan.
13:13 of 3rd period - Stopped by Brandon Halverson with a rebound.
13:15 of 3rd period - Snap shot by Zach Stepan.
13:15 of 3rd period - Stopped by Brandon Halverson with a rebound.
13:21 of 3rd period - Slapshot by Zach Stepan.
13:21 of 3rd period - Stopped by Brandon Halverson with a rebound.
13:50 of 3rd period - Wrist shot by Dany Roussin.
13:50 of 3rd period - Shot Misses the Net.
14:04 of 3rd period - Snap shot by David Wolf.
14:04 of 3rd period - Shot Misses the Net.
15:13 of 3rd period - Off-side.
15:14 of 3rd period - Andrej Nestrasil wins face-off versus William Karlsson in neutral zone.
16:12 of 3rd period - Snap shot by Zach Stepan.
16:12 of 3rd period - Deflect By Jamie McGinn.
16:12 of 3rd period - Shot Misses the Net.
16:12 of 3rd period - Puck is out of play.
16:13 of 3rd period - Andrej Nestrasil wins face-off versus William Karlsson in Demolitions zone.
16:13 of 3rd period - Andrej Nestrasil is hit by Dany Roussin.
16:23 of 3rd period - Snap shot by Taylor Aronson.
16:23 of 3rd period - Stopped by Niklas Treutle without a rebound.
16:24 of 3rd period - Trevor Lewis wins face-off versus Andrej Nestrasil in Thunder zone.
16:35 of 3rd period - Slapshot by Andrej Nestrasil.
16:35 of 3rd period - Shot Blocked by Joey Ryan.
16:56 of 3rd period - Snap shot by Eric Fehr.
16:56 of 3rd period - Stopped by Brandon Halverson with a rebound.
16:58 of 3rd period - Slapshot by Gianluca Curcuruto.
16:58 of 3rd period - Stopped by Brandon Halverson without a rebound.
16:59 of 3rd period - Andrej Nestrasil wins face-off versus Trevor Lewis in Demolitions zone.
Goals for this period are 2 for Demolitions vs 2 for Thunder.
Shots for this period are 17 for Demolitions vs 17 for Thunder.
Back to the Top